%YAML 1.1
%TAG !u! tag:unity3d.com,2011:
--- !u!1 &6415548935237598563
GameObject:
  m_ObjectHideFlags: 0
  m_CorrespondingSourceObject: {fileID: 0}
  m_PrefabInstance: {fileID: 0}
  m_PrefabAsset: {fileID: 0}
  serializedVersion: 6
  m_Component:
  - component: {fileID: 594033939606409456}
  m_Layer: 0
  m_Name: BarrelRow8
  m_TagString: Untagged
  m_Icon: {fileID: 0}
  m_NavMeshLayer: 0
  m_StaticEditorFlags: 0
  m_IsActive: 1
--- !u!4 &594033939606409456
Transform:
  m_ObjectHideFlags: 0
  m_CorrespondingSourceObject: {fileID: 0}
  m_PrefabInstance: {fileID: 0}
  m_PrefabAsset: {fileID: 0}
  m_GameObject: {fileID: 6415548935237598563}
  serializedVersion: 2
  m_LocalRotation: {x: 0, y: 0, z: 0, w: 1}
  m_LocalPosition: {x: 0, y: 10.11, z: 0}
  m_LocalScale: {x: 1, y: 1, z: 1}
  m_ConstrainProportionsScale: 0
  m_Children:
  - {fileID: 5689013920341063517}
  - {fileID: 2259546891036511932}
  - {fileID: 8636531024903878305}
  - {fileID: 1680497623118165882}
  - {fileID: 3727247578104496041}
  - {fileID: 899731025645815206}
  - {fileID: 1086242937570603491}
  - {fileID: 2141432025281496796}
  - {fileID: 9044657128751970923}
  - {fileID: 7720875771208725224}
  - {fileID: 1689385813720637240}
  - {fileID: 1984518397593560689}
  - {fileID: 7022363899165938598}
  - {fileID: 8546085797131857633}
  - {fileID: 4594313112038118079}
  - {fileID: 2224897949255011411}
  - {fileID: 1760672393534183747}
  - {fileID: 1767448187284300473}
  m_Father: {fileID: 0}
  m_LocalEulerAnglesHint: {x: 0, y: 0, z: 0}
--- !u!1001 &2172016641993383138
PrefabInstance:
  m_ObjectHideFlags: 0
  serializedVersion: 2
  m_Modification:
    serializedVersion: 3
    m_TransformParent: {fileID: 594033939606409456}
    m_Modifications:
    - target: {fileID: 5825403524320521151, guid: f1de6de9c6358254cbd94f657e6263f0, type: 3}
      propertyPath: m_LocalPosition.x
      value: -21.37
      objectReference: {fileID: 0}
    - target: {fileID: 5825403524320521151, guid: f1de6de9c6358254cbd94f657e6263f0, type: 3}
      propertyPath: m_LocalPosition.y
      value: 0.13000011
      objectReference: {fileID: 0}
    - target: {fileID: 5825403524320521151, guid: f1de6de9c6358254cbd94f657e6263f0, type: 3}
      propertyPath: m_LocalPosition.z
      value: 0
      objectReference: {fileID: 0}
    - target: {fileID: 5825403524320521151, guid: f1de6de9c6358254cbd94f657e6263f0, type: 3}
      propertyPath: m_LocalRotation.w
      value: 1
      objectReference: {fileID: 0}
    - target: {fileID: 5825403524320521151, guid: f1de6de9c6358254cbd94f657e6263f0, type: 3}
      propertyPath: m_LocalRotation.x
      value: -0
      objectReference: {fileID: 0}
    - target: {fileID: 5825403524320521151, guid: f1de6de9c6358254cbd94f657e6263f0, type: 3}
      propertyPath: m_LocalRotation.y
      value: -0
      objectReference: {fileID: 0}
    - target: {fileID: 5825403524320521151, guid: f1de6de9c6358254cbd94f657e6263f0, type: 3}
      propertyPath: m_LocalRotation.z
      value: -0
      objectReference: {fileID: 0}
    - target: {fileID: 5825403524320521151, guid: f1de6de9c6358254cbd94f657e6263f0, type: 3}
      propertyPath: m_LocalEulerAnglesHint.x
      value: 0
      objectReference: {fileID: 0}
    - target: {fileID: 5825403524320521151, guid: f1de6de9c6358254cbd94f657e6263f0, type: 3}
      propertyPath: m_LocalEulerAnglesHint.y
      value: 0
      objectReference: {fileID: 0}
    - target: {fileID: 5825403524320521151, guid: f1de6de9c6358254cbd94f657e6263f0, type: 3}
      propertyPath: m_LocalEulerAnglesHint.z
      value: 0
      objectReference: {fileID: 0}
    - target: {fileID: 6169847739980753537, guid: f1de6de9c6358254cbd94f657e6263f0, type: 3}
      propertyPath: m_Name
      value: Barrel (17)
      objectReference: {fileID: 0}
    m_RemovedComponents: []
    m_RemovedGameObjects: []
    m_AddedGameObjects: []
    m_AddedComponents: []
  m_SourcePrefab: {fileID: 100100000, guid: f1de6de9c6358254cbd94f657e6263f0, type: 3}
--- !u!4 &5689013920341063517 stripped
Transform:
  m_CorrespondingSourceObject: {fileID: 5825403524320521151, guid: f1de6de9c6358254cbd94f657e6263f0, type: 3}
  m_PrefabInstance: {fileID: 2172016641993383138}
  m_PrefabAsset: {fileID: 0}
--- !u!1001 &2760203428010444126
PrefabInstance:
  m_ObjectHideFlags: 0
  serializedVersion: 2
  m_Modification:
    serializedVersion: 3
    m_TransformParent: {fileID: 594033939606409456}
    m_Modifications:
    - target: {fileID: 5825403524320521151, guid: f1de6de9c6358254cbd94f657e6263f0, type: 3}
      propertyPath: m_LocalPosition.x
      value: -1.5
      objectReference: {fileID: 0}
    - target: {fileID: 5825403524320521151, guid: f1de6de9c6358254cbd94f657e6263f0, type: 3}
      propertyPath: m_LocalPosition.y
      value: 0
      objectReference: {fileID: 0}
    - target: {fileID: 5825403524320521151, guid: f1de6de9c6358254cbd94f657e6263f0, type: 3}
      propertyPath: m_LocalPosition.z
      value: 0
      objectReference: {fileID: 0}
    - target: {fileID: 5825403524320521151, guid: f1de6de9c6358254cbd94f657e6263f0, type: 3}
      propertyPath: m_LocalRotation.w
      value: 1
      objectReference: {fileID: 0}
    - target: {fileID: 5825403524320521151, guid: f1de6de9c6358254cbd94f657e6263f0, type: 3}
      propertyPath: m_LocalRotation.x
      value: -0
      objectReference: {fileID: 0}
    - target: {fileID: 5825403524320521151, guid: f1de6de9c6358254cbd94f657e6263f0, type: 3}
      propertyPath: m_LocalRotation.y
      value: -0
      objectReference: {fileID: 0}
    - target: {fileID: 5825403524320521151, guid: f1de6de9c6358254cbd94f657e6263f0, type: 3}
      propertyPath: m_LocalRotation.z
      value: -0
      objectReference: {fileID: 0}
    - target: {fileID: 5825403524320521151, guid: f1de6de9c6358254cbd94f657e6263f0, type: 3}
      propertyPath: m_LocalEulerAnglesHint.x
      value: 0
      objectReference: {fileID: 0}
    - target: {fileID: 5825403524320521151, guid: f1de6de9c6358254cbd94f657e6263f0, type: 3}
      propertyPath: m_LocalEulerAnglesHint.y
      value: 0
      objectReference: {fileID: 0}
    - target: {fileID: 5825403524320521151, guid: f1de6de9c6358254cbd94f657e6263f0, type: 3}
      propertyPath: m_LocalEulerAnglesHint.z
      value: 0
      objectReference: {fileID: 0}
    - target: {fileID: 6169847739980753537, guid: f1de6de9c6358254cbd94f657e6263f0, type: 3}
      propertyPath: m_Name
      value: Barrel (4)
      objectReference: {fileID: 0}
    m_RemovedComponents: []
    m_RemovedGameObjects: []
    m_AddedGameObjects: []
    m_AddedComponents: []
  m_SourcePrefab: {fileID: 100100000, guid: f1de6de9c6358254cbd94f657e6263f0, type: 3}
--- !u!4 &8546085797131857633 stripped
Transform:
  m_CorrespondingSourceObject: {fileID: 5825403524320521151, guid: f1de6de9c6358254cbd94f657e6263f0, type: 3}
  m_PrefabInstance: {fileID: 2760203428010444126}
  m_PrefabAsset: {fileID: 0}
--- !u!1001 &2813872981399821598
PrefabInstance:
  m_ObjectHideFlags: 0
  serializedVersion: 2
  m_Modification:
    serializedVersion: 3
    m_TransformParent: {fileID: 594033939606409456}
    m_Modifications:
    - target: {fileID: 5825403524320521151, guid: f1de6de9c6358254cbd94f657e6263f0, type: 3}
      propertyPath: m_LocalPosition.x
      value: -2.8400002
      objectReference: {fileID: 0}
    - target: {fileID: 5825403524320521151, guid: f1de6de9c6358254cbd94f657e6263f0, type: 3}
      propertyPath: m_LocalPosition.y
      value: 0.03999996
      objectReference: {fileID: 0}
    - target: {fileID: 5825403524320521151, guid: f1de6de9c6358254cbd94f657e6263f0, type: 3}
      propertyPath: m_LocalPosition.z
      value: 0
      objectReference: {fileID: 0}
    - target: {fileID: 5825403524320521151, guid: f1de6de9c6358254cbd94f657e6263f0, type: 3}
      propertyPath: m_LocalRotation.w
      value: 1
      objectReference: {fileID: 0}
    - target: {fileID: 5825403524320521151, guid: f1de6de9c6358254cbd94f657e6263f0, type: 3}
      propertyPath: m_LocalRotation.x
      value: -0
      objectReference: {fileID: 0}
    - target: {fileID: 5825403524320521151, guid: f1de6de9c6358254cbd94f657e6263f0, type: 3}
      propertyPath: m_LocalRotation.y
      value: -0
      objectReference: {fileID: 0}
    - target: {fileID: 5825403524320521151, guid: f1de6de9c6358254cbd94f657e6263f0, type: 3}
      propertyPath: m_LocalRotation.z
      value: -0
      objectReference: {fileID: 0}
    - target: {fileID: 5825403524320521151, guid: f1de6de9c6358254cbd94f657e6263f0, type: 3}
      propertyPath: m_LocalEulerAnglesHint.x
      value: 0
      objectReference: {fileID: 0}
    - target: {fileID: 5825403524320521151, guid: f1de6de9c6358254cbd94f657e6263f0, type: 3}
      propertyPath: m_LocalEulerAnglesHint.y
      value: 0
      objectReference: {fileID: 0}
    - target: {fileID: 5825403524320521151, guid: f1de6de9c6358254cbd94f657e6263f0, type: 3}
      propertyPath: m_LocalEulerAnglesHint.z
      value: 0
      objectReference: {fileID: 0}
    - target: {fileID: 6169847739980753537, guid: f1de6de9c6358254cbd94f657e6263f0, type: 3}
      propertyPath: m_Name
      value: Barrel (1)
      objectReference: {fileID: 0}
    m_RemovedComponents: []
    m_RemovedGameObjects: []
    m_AddedGameObjects: []
    m_AddedComponents: []
  m_SourcePrefab: {fileID: 100100000, guid: f1de6de9c6358254cbd94f657e6263f0, type: 3}
--- !u!4 &8636531024903878305 stripped
Transform:
  m_CorrespondingSourceObject: {fileID: 5825403524320521151, guid: f1de6de9c6358254cbd94f657e6263f0, type: 3}
  m_PrefabInstance: {fileID: 2813872981399821598}
  m_PrefabAsset: {fileID: 0}
--- !u!1001 &3265934470772543956
PrefabInstance:
  m_ObjectHideFlags: 0
  serializedVersion: 2
  m_Modification:
    serializedVersion: 3
    m_TransformParent: {fileID: 594033939606409456}
    m_Modifications:
    - target: {fileID: 5825403524320521151, guid: f1de6de9c6358254cbd94f657e6263f0, type: 3}
      propertyPath: m_LocalPosition.x
      value: -4.17
      objectReference: {fileID: 0}
    - target: {fileID: 5825403524320521151, guid: f1de6de9c6358254cbd94f657e6263f0, type: 3}
      propertyPath: m_LocalPosition.y
      value: 0.03999996
      objectReference: {fileID: 0}
    - target: {fileID: 5825403524320521151, guid: f1de6de9c6358254cbd94f657e6263f0, type: 3}
      propertyPath: m_LocalPosition.z
      value: 0
      objectReference: {fileID: 0}
    - target: {fileID: 5825403524320521151, guid: f1de6de9c6358254cbd94f657e6263f0, type: 3}
      propertyPath: m_LocalRotation.w
      value: 1
      objectReference: {fileID: 0}
    - target: {fileID: 5825403524320521151, guid: f1de6de9c6358254cbd94f657e6263f0, type: 3}
      propertyPath: m_LocalRotation.x
      value: -0
      objectReference: {fileID: 0}
    - target: {fileID: 5825403524320521151, guid: f1de6de9c6358254cbd94f657e6263f0, type: 3}
      propertyPath: m_LocalRotation.y
      value: -0
      objectReference: {fileID: 0}
    - target: {fileID: 5825403524320521151, guid: f1de6de9c6358254cbd94f657e6263f0, type: 3}
      propertyPath: m_LocalRotation.z
      value: -0
      objectReference: {fileID: 0}
    - target: {fileID: 5825403524320521151, guid: f1de6de9c6358254cbd94f657e6263f0, type: 3}
      propertyPath: m_LocalEulerAnglesHint.x
      value: 0
      objectReference: {fileID: 0}
    - target: {fileID: 5825403524320521151, guid: f1de6de9c6358254cbd94f657e6263f0, type: 3}
      propertyPath: m_LocalEulerAnglesHint.y
      value: 0
      objectReference: {fileID: 0}
    - target: {fileID: 5825403524320521151, guid: f1de6de9c6358254cbd94f657e6263f0, type: 3}
      propertyPath: m_LocalEulerAnglesHint.z
      value: 0
      objectReference: {fileID: 0}
    - target: {fileID: 6169847739980753537, guid: f1de6de9c6358254cbd94f657e6263f0, type: 3}
      propertyPath: m_Name
      value: Barrel (2)
      objectReference: {fileID: 0}
    m_RemovedComponents: []
    m_RemovedGameObjects: []
    m_AddedGameObjects: []
    m_AddedComponents: []
  m_SourcePrefab: {fileID: 100100000, guid: f1de6de9c6358254cbd94f657e6263f0, type: 3}
--- !u!4 &9044657128751970923 stripped
Transform:
  m_CorrespondingSourceObject: {fileID: 5825403524320521151, guid: f1de6de9c6358254cbd94f657e6263f0, type: 3}
  m_PrefabInstance: {fileID: 3265934470772543956}
  m_PrefabAsset: {fileID: 0}
--- !u!1001 &3576860199480129561
PrefabInstance:
  m_ObjectHideFlags: 0
  serializedVersion: 2
  m_Modification:
    serializedVersion: 3
    m_TransformParent: {fileID: 594033939606409456}
    m_Modifications:
    - target: {fileID: 5825403524320521151, guid: f1de6de9c6358254cbd94f657e6263f0, type: 3}
      propertyPath: m_LocalPosition.x
      value: -19.22
      objectReference: {fileID: 0}
    - target: {fileID: 5825403524320521151, guid: f1de6de9c6358254cbd94f657e6263f0, type: 3}
      propertyPath: m_LocalPosition.y
      value: 0.13000011
      objectReference: {fileID: 0}
    - target: {fileID: 5825403524320521151, guid: f1de6de9c6358254cbd94f657e6263f0, type: 3}
      propertyPath: m_LocalPosition.z
      value: 0
      objectReference: {fileID: 0}
    - target: {fileID: 5825403524320521151, guid: f1de6de9c6358254cbd94f657e6263f0, type: 3}
      propertyPath: m_LocalRotation.w
      value: 1
      objectReference: {fileID: 0}
    - target: {fileID: 5825403524320521151, guid: f1de6de9c6358254cbd94f657e6263f0, type: 3}
      propertyPath: m_LocalRotation.x
      value: -0
      objectReference: {fileID: 0}
    - target: {fileID: 5825403524320521151, guid: f1de6de9c6358254cbd94f657e6263f0, type: 3}
      propertyPath: m_LocalRotation.y
      value: -0
      objectReference: {fileID: 0}
    - target: {fileID: 5825403524320521151, guid: f1de6de9c6358254cbd94f657e6263f0, type: 3}
      propertyPath: m_LocalRotation.z
      value: -0
      objectReference: {fileID: 0}
    - target: {fileID: 5825403524320521151, guid: f1de6de9c6358254cbd94f657e6263f0, type: 3}
      propertyPath: m_LocalEulerAnglesHint.x
      value: 0
      objectReference: {fileID: 0}
    - target: {fileID: 5825403524320521151, guid: f1de6de9c6358254cbd94f657e6263f0, type: 3}
      propertyPath: m_LocalEulerAnglesHint.y
      value: 0
      objectReference: {fileID: 0}
    - target: {fileID: 5825403524320521151, guid: f1de6de9c6358254cbd94f657e6263f0, type: 3}
      propertyPath: m_LocalEulerAnglesHint.z
      value: 0
      objectReference: {fileID: 0}
    - target: {fileID: 6169847739980753537, guid: f1de6de9c6358254cbd94f657e6263f0, type: 3}
      propertyPath: m_Name
      value: Barrel (16)
      objectReference: {fileID: 0}
    m_RemovedComponents: []
    m_RemovedGameObjects: []
    m_AddedGameObjects: []
    m_AddedComponents: []
  m_SourcePrefab: {fileID: 100100000, guid: f1de6de9c6358254cbd94f657e6263f0, type: 3}
--- !u!4 &7022363899165938598 stripped
Transform:
  m_CorrespondingSourceObject: {fileID: 5825403524320521151, guid: f1de6de9c6358254cbd94f657e6263f0, type: 3}
  m_PrefabInstance: {fileID: 3576860199480129561}
  m_PrefabAsset: {fileID: 0}
--- !u!1001 &4319499872131488087
PrefabInstance:
  m_ObjectHideFlags: 0
  serializedVersion: 2
  m_Modification:
    serializedVersion: 3
    m_TransformParent: {fileID: 594033939606409456}
    m_Modifications:
    - target: {fileID: 5825403524320521151, guid: f1de6de9c6358254cbd94f657e6263f0, type: 3}
      propertyPath: m_LocalPosition.x
      value: -8.43
      objectReference: {fileID: 0}
    - target: {fileID: 5825403524320521151, guid: f1de6de9c6358254cbd94f657e6263f0, type: 3}
      propertyPath: m_LocalPosition.y
      value: 0.13000011
      objectReference: {fileID: 0}
    - target: {fileID: 5825403524320521151, guid: f1de6de9c6358254cbd94f657e6263f0, type: 3}
      propertyPath: m_LocalPosition.z
      value: 0
      objectReference: {fileID: 0}
    - target: {fileID: 5825403524320521151, guid: f1de6de9c6358254cbd94f657e6263f0, type: 3}
      propertyPath: m_LocalRotation.w
      value: 1
      objectReference: {fileID: 0}
    - target: {fileID: 5825403524320521151, guid: f1de6de9c6358254cbd94f657e6263f0, type: 3}
      propertyPath: m_LocalRotation.x
      value: -0
      objectReference: {fileID: 0}
    - target: {fileID: 5825403524320521151, guid: f1de6de9c6358254cbd94f657e6263f0, type: 3}
      propertyPath: m_LocalRotation.y
      value: -0
      objectReference: {fileID: 0}
    - target: {fileID: 5825403524320521151, guid: f1de6de9c6358254cbd94f657e6263f0, type: 3}
      propertyPath: m_LocalRotation.z
      value: -0
      objectReference: {fileID: 0}
    - target: {fileID: 5825403524320521151, guid: f1de6de9c6358254cbd94f657e6263f0, type: 3}
      propertyPath: m_LocalEulerAnglesHint.x
      value: 0
      objectReference: {fileID: 0}
    - target: {fileID: 5825403524320521151, guid: f1de6de9c6358254cbd94f657e6263f0, type: 3}
      propertyPath: m_LocalEulerAnglesHint.y
      value: 0
      objectReference: {fileID: 0}
    - target: {fileID: 5825403524320521151, guid: f1de6de9c6358254cbd94f657e6263f0, type: 3}
      propertyPath: m_LocalEulerAnglesHint.z
      value: 0
      objectReference: {fileID: 0}
    - target: {fileID: 6169847739980753537, guid: f1de6de9c6358254cbd94f657e6263f0, type: 3}
      propertyPath: m_Name
      value: Barrel (7)
      objectReference: {fileID: 0}
    m_RemovedComponents: []
    m_RemovedGameObjects: []
    m_AddedGameObjects: []
    m_AddedComponents: []
  m_SourcePrefab: {fileID: 100100000, guid: f1de6de9c6358254cbd94f657e6263f0, type: 3}
--- !u!4 &7720875771208725224 stripped
Transform:
  m_CorrespondingSourceObject: {fileID: 5825403524320521151, guid: f1de6de9c6358254cbd94f657e6263f0, type: 3}
  m_PrefabInstance: {fileID: 4319499872131488087}
  m_PrefabAsset: {fileID: 0}
--- !u!1001 &5153716711462427845
PrefabInstance:
  m_ObjectHideFlags: 0
  serializedVersion: 2
  m_Modification:
    serializedVersion: 3
    m_TransformParent: {fileID: 594033939606409456}
    m_Modifications:
    - target: {fileID: 5825403524320521151, guid: f1de6de9c6358254cbd94f657e6263f0, type: 3}
      propertyPath: m_LocalPosition.x
      value: -7.1000004
      objectReference: {fileID: 0}
    - target: {fileID: 5825403524320521151, guid: f1de6de9c6358254cbd94f657e6263f0, type: 3}
      propertyPath: m_LocalPosition.y
      value: 0.13000011
      objectReference: {fileID: 0}
    - target: {fileID: 5825403524320521151, guid: f1de6de9c6358254cbd94f657e6263f0, type: 3}
      propertyPath: m_LocalPosition.z
      value: 0
      objectReference: {fileID: 0}
    - target: {fileID: 5825403524320521151, guid: f1de6de9c6358254cbd94f657e6263f0, type: 3}
      propertyPath: m_LocalRotation.w
      value: 1
      objectReference: {fileID: 0}
    - target: {fileID: 5825403524320521151, guid: f1de6de9c6358254cbd94f657e6263f0, type: 3}
      propertyPath: m_LocalRotation.x
      value: -0
      objectReference: {fileID: 0}
    - target: {fileID: 5825403524320521151, guid: f1de6de9c6358254cbd94f657e6263f0, type: 3}
      propertyPath: m_LocalRotation.y
      value: -0
      objectReference: {fileID: 0}
    - target: {fileID: 5825403524320521151, guid: f1de6de9c6358254cbd94f657e6263f0, type: 3}
      propertyPath: m_LocalRotation.z
      value: -0
      objectReference: {fileID: 0}
    - target: {fileID: 5825403524320521151, guid: f1de6de9c6358254cbd94f657e6263f0, type: 3}
      propertyPath: m_LocalEulerAnglesHint.x
      value: 0
      objectReference: {fileID: 0}
    - target: {fileID: 5825403524320521151, guid: f1de6de9c6358254cbd94f657e6263f0, type: 3}
      propertyPath: m_LocalEulerAnglesHint.y
      value: 0
      objectReference: {fileID: 0}
    - target: {fileID: 5825403524320521151, guid: f1de6de9c6358254cbd94f657e6263f0, type: 3}
      propertyPath: m_LocalEulerAnglesHint.z
      value: 0
      objectReference: {fileID: 0}
    - target: {fileID: 6169847739980753537, guid: f1de6de9c6358254cbd94f657e6263f0, type: 3}
      propertyPath: m_Name
      value: Barrel (6)
      objectReference: {fileID: 0}
    m_RemovedComponents: []
    m_RemovedGameObjects: []
    m_AddedGameObjects: []
    m_AddedComponents: []
  m_SourcePrefab: {fileID: 100100000, guid: f1de6de9c6358254cbd94f657e6263f0, type: 3}
--- !u!4 &1680497623118165882 stripped
Transform:
  m_CorrespondingSourceObject: {fileID: 5825403524320521151, guid: f1de6de9c6358254cbd94f657e6263f0, type: 3}
  m_PrefabInstance: {fileID: 5153716711462427845}
  m_PrefabAsset: {fileID: 0}
--- !u!1001 &5162843531383534727
PrefabInstance:
  m_ObjectHideFlags: 0
  serializedVersion: 2
  m_Modification:
    serializedVersion: 3
    m_TransformParent: {fileID: 594033939606409456}
    m_Modifications:
    - target: {fileID: 5825403524320521151, guid: f1de6de9c6358254cbd94f657e6263f0, type: 3}
      propertyPath: m_LocalPosition.x
      value: -12.52
      objectReference: {fileID: 0}
    - target: {fileID: 5825403524320521151, guid: f1de6de9c6358254cbd94f657e6263f0, type: 3}
      propertyPath: m_LocalPosition.y
      value: 0.13000011
      objectReference: {fileID: 0}
    - target: {fileID: 5825403524320521151, guid: f1de6de9c6358254cbd94f657e6263f0, type: 3}
      propertyPath: m_LocalPosition.z
      value: 0
      objectReference: {fileID: 0}
    - target: {fileID: 5825403524320521151, guid: f1de6de9c6358254cbd94f657e6263f0, type: 3}
      propertyPath: m_LocalRotation.w
      value: 1
      objectReference: {fileID: 0}
    - target: {fileID: 5825403524320521151, guid: f1de6de9c6358254cbd94f657e6263f0, type: 3}
      propertyPath: m_LocalRotation.x
      value: -0
      objectReference: {fileID: 0}
    - target: {fileID: 5825403524320521151, guid: f1de6de9c6358254cbd94f657e6263f0, type: 3}
      propertyPath: m_LocalRotation.y
      value: -0
      objectReference: {fileID: 0}
    - target: {fileID: 5825403524320521151, guid: f1de6de9c6358254cbd94f657e6263f0, type: 3}
      propertyPath: m_LocalRotation.z
      value: -0
      objectReference: {fileID: 0}
    - target: {fileID: 5825403524320521151, guid: f1de6de9c6358254cbd94f657e6263f0, type: 3}
      propertyPath: m_LocalEulerAnglesHint.x
      value: 0
      objectReference: {fileID: 0}
    - target: {fileID: 5825403524320521151, guid: f1de6de9c6358254cbd94f657e6263f0, type: 3}
      propertyPath: m_LocalEulerAnglesHint.y
      value: 0
      objectReference: {fileID: 0}
    - target: {fileID: 5825403524320521151, guid: f1de6de9c6358254cbd94f657e6263f0, type: 3}
      propertyPath: m_LocalEulerAnglesHint.z
      value: 0
      objectReference: {fileID: 0}
    - target: {fileID: 6169847739980753537, guid: f1de6de9c6358254cbd94f657e6263f0, type: 3}
      propertyPath: m_Name
      value: Barrel (10)
      objectReference: {fileID: 0}
    m_RemovedComponents: []
    m_RemovedGameObjects: []
    m_AddedGameObjects: []
    m_AddedComponents: []
  m_SourcePrefab: {fileID: 100100000, guid: f1de6de9c6358254cbd94f657e6263f0, type: 3}
--- !u!4 &1689385813720637240 stripped
Transform:
  m_CorrespondingSourceObject: {fileID: 5825403524320521151, guid: f1de6de9c6358254cbd94f657e6263f0, type: 3}
  m_PrefabInstance: {fileID: 5162843531383534727}
  m_PrefabAsset: {fileID: 0}
--- !u!1001 &5210877417221245190
PrefabInstance:
  m_ObjectHideFlags: 0
  serializedVersion: 2
  m_Modification:
    serializedVersion: 3
    m_TransformParent: {fileID: 594033939606409456}
    m_Modifications:
    - target: {fileID: 5825403524320521151, guid: f1de6de9c6358254cbd94f657e6263f0, type: 3}
      propertyPath: m_LocalPosition.x
      value: -18.24
      objectReference: {fileID: 0}
    - target: {fileID: 5825403524320521151, guid: f1de6de9c6358254cbd94f657e6263f0, type: 3}
      propertyPath: m_LocalPosition.y
      value: 0.13000011
      objectReference: {fileID: 0}
    - target: {fileID: 5825403524320521151, guid: f1de6de9c6358254cbd94f657e6263f0, type: 3}
      propertyPath: m_LocalPosition.z
      value: 0
      objectReference: {fileID: 0}
    - target: {fileID: 5825403524320521151, guid: f1de6de9c6358254cbd94f657e6263f0, type: 3}
      propertyPath: m_LocalRotation.w
      value: 1
      objectReference: {fileID: 0}
    - target: {fileID: 5825403524320521151, guid: f1de6de9c6358254cbd94f657e6263f0, type: 3}
      propertyPath: m_LocalRotation.x
      value: -0
      objectReference: {fileID: 0}
    - target: {fileID: 5825403524320521151, guid: f1de6de9c6358254cbd94f657e6263f0, type: 3}
      propertyPath: m_LocalRotation.y
      value: -0
      objectReference: {fileID: 0}
    - target: {fileID: 5825403524320521151, guid: f1de6de9c6358254cbd94f657e6263f0, type: 3}
      propertyPath: m_LocalRotation.z
      value: -0
      objectReference: {fileID: 0}
    - target: {fileID: 5825403524320521151, guid: f1de6de9c6358254cbd94f657e6263f0, type: 3}
      propertyPath: m_LocalEulerAnglesHint.x
      value: 0
      objectReference: {fileID: 0}
    - target: {fileID: 5825403524320521151, guid: f1de6de9c6358254cbd94f657e6263f0, type: 3}
      propertyPath: m_LocalEulerAnglesHint.y
      value: 0
      objectReference: {fileID: 0}
    - target: {fileID: 5825403524320521151, guid: f1de6de9c6358254cbd94f657e6263f0, type: 3}
      propertyPath: m_LocalEulerAnglesHint.z
      value: 0
      objectReference: {fileID: 0}
    - target: {fileID: 6169847739980753537, guid: f1de6de9c6358254cbd94f657e6263f0, type: 3}
      propertyPath: m_Name
      value: Barrel (14)
      objectReference: {fileID: 0}
    m_RemovedComponents: []
    m_RemovedGameObjects: []
    m_AddedGameObjects: []
    m_AddedComponents: []
  m_SourcePrefab: {fileID: 100100000, guid: f1de6de9c6358254cbd94f657e6263f0, type: 3}
--- !u!4 &1767448187284300473 stripped
Transform:
  m_CorrespondingSourceObject: {fileID: 5825403524320521151, guid: f1de6de9c6358254cbd94f657e6263f0, type: 3}
  m_PrefabInstance: {fileID: 5210877417221245190}
  m_PrefabAsset: {fileID: 0}
--- !u!1001 &5240175191633425148
PrefabInstance:
  m_ObjectHideFlags: 0
  serializedVersion: 2
  m_Modification:
    serializedVersion: 3
    m_TransformParent: {fileID: 594033939606409456}
    m_Modifications:
    - target: {fileID: 5825403524320521151, guid: f1de6de9c6358254cbd94f657e6263f0, type: 3}
      propertyPath: m_LocalPosition.x
      value: -14.02
      objectReference: {fileID: 0}
    - target: {fileID: 5825403524320521151, guid: f1de6de9c6358254cbd94f657e6263f0, type: 3}
      propertyPath: m_LocalPosition.y
      value: 0.13000011
      objectReference: {fileID: 0}
    - target: {fileID: 5825403524320521151, guid: f1de6de9c6358254cbd94f657e6263f0, type: 3}
      propertyPath: m_LocalPosition.z
      value: 0
      objectReference: {fileID: 0}
    - target: {fileID: 5825403524320521151, guid: f1de6de9c6358254cbd94f657e6263f0, type: 3}
      propertyPath: m_LocalRotation.w
      value: 1
      objectReference: {fileID: 0}
    - target: {fileID: 5825403524320521151, guid: f1de6de9c6358254cbd94f657e6263f0, type: 3}
      propertyPath: m_LocalRotation.x
      value: -0
      objectReference: {fileID: 0}
    - target: {fileID: 5825403524320521151, guid: f1de6de9c6358254cbd94f657e6263f0, type: 3}
      propertyPath: m_LocalRotation.y
      value: -0
      objectReference: {fileID: 0}
    - target: {fileID: 5825403524320521151, guid: f1de6de9c6358254cbd94f657e6263f0, type: 3}
      propertyPath: m_LocalRotation.z
      value: -0
      objectReference: {fileID: 0}
    - target: {fileID: 5825403524320521151, guid: f1de6de9c6358254cbd94f657e6263f0, type: 3}
      propertyPath: m_LocalEulerAnglesHint.x
      value: 0
      objectReference: {fileID: 0}
    - target: {fileID: 5825403524320521151, guid: f1de6de9c6358254cbd94f657e6263f0, type: 3}
      propertyPath: m_LocalEulerAnglesHint.y
      value: 0
      objectReference: {fileID: 0}
    - target: {fileID: 5825403524320521151, guid: f1de6de9c6358254cbd94f657e6263f0, type: 3}
      propertyPath: m_LocalEulerAnglesHint.z
      value: 0
      objectReference: {fileID: 0}
    - target: {fileID: 6169847739980753537, guid: f1de6de9c6358254cbd94f657e6263f0, type: 3}
      propertyPath: m_Name
      value: Barrel (11)
      objectReference: {fileID: 0}
    m_RemovedComponents: []
    m_RemovedGameObjects: []
    m_AddedGameObjects: []
    m_AddedComponents: []
  m_SourcePrefab: {fileID: 100100000, guid: f1de6de9c6358254cbd94f657e6263f0, type: 3}
--- !u!4 &1760672393534183747 stripped
Transform:
  m_CorrespondingSourceObject: {fileID: 5825403524320521151, guid: f1de6de9c6358254cbd94f657e6263f0, type: 3}
  m_PrefabInstance: {fileID: 5240175191633425148}
  m_PrefabAsset: {fileID: 0}
--- !u!1001 &5430656514679655886
PrefabInstance:
  m_ObjectHideFlags: 0
  serializedVersion: 2
  m_Modification:
    serializedVersion: 3
    m_TransformParent: {fileID: 594033939606409456}
    m_Modifications:
    - target: {fileID: 5825403524320521151, guid: f1de6de9c6358254cbd94f657e6263f0, type: 3}
      propertyPath: m_LocalPosition.x
      value: -16.74
      objectReference: {fileID: 0}
    - target: {fileID: 5825403524320521151, guid: f1de6de9c6358254cbd94f657e6263f0, type: 3}
      propertyPath: m_LocalPosition.y
      value: 0.13000011
      objectReference: {fileID: 0}
    - target: {fileID: 5825403524320521151, guid: f1de6de9c6358254cbd94f657e6263f0, type: 3}
      propertyPath: m_LocalPosition.z
      value: 0
      objectReference: {fileID: 0}
    - target: {fileID: 5825403524320521151, guid: f1de6de9c6358254cbd94f657e6263f0, type: 3}
      propertyPath: m_LocalRotation.w
      value: 1
      objectReference: {fileID: 0}
    - target: {fileID: 5825403524320521151, guid: f1de6de9c6358254cbd94f657e6263f0, type: 3}
      propertyPath: m_LocalRotation.x
      value: -0
      objectReference: {fileID: 0}
    - target: {fileID: 5825403524320521151, guid: f1de6de9c6358254cbd94f657e6263f0, type: 3}
      propertyPath: m_LocalRotation.y
      value: -0
      objectReference: {fileID: 0}
    - target: {fileID: 5825403524320521151, guid: f1de6de9c6358254cbd94f657e6263f0, type: 3}
      propertyPath: m_LocalRotation.z
      value: -0
      objectReference: {fileID: 0}
    - target: {fileID: 5825403524320521151, guid: f1de6de9c6358254cbd94f657e6263f0, type: 3}
      propertyPath: m_LocalEulerAnglesHint.x
      value: 0
      objectReference: {fileID: 0}
    - target: {fileID: 5825403524320521151, guid: f1de6de9c6358254cbd94f657e6263f0, type: 3}
      propertyPath: m_LocalEulerAnglesHint.y
      value: 0
      objectReference: {fileID: 0}
    - target: {fileID: 5825403524320521151, guid: f1de6de9c6358254cbd94f657e6263f0, type: 3}
      propertyPath: m_LocalEulerAnglesHint.z
      value: 0
      objectReference: {fileID: 0}
    - target: {fileID: 6169847739980753537, guid: f1de6de9c6358254cbd94f657e6263f0, type: 3}
      propertyPath: m_Name
      value: Barrel (13)
      objectReference: {fileID: 0}
    m_RemovedComponents: []
    m_RemovedGameObjects: []
    m_AddedGameObjects: []
    m_AddedComponents: []
  m_SourcePrefab: {fileID: 100100000, guid: f1de6de9c6358254cbd94f657e6263f0, type: 3}
--- !u!4 &1984518397593560689 stripped
Transform:
  m_CorrespondingSourceObject: {fileID: 5825403524320521151, guid: f1de6de9c6358254cbd94f657e6263f0, type: 3}
  m_PrefabInstance: {fileID: 5430656514679655886}
  m_PrefabAsset: {fileID: 0}
--- !u!1001 &5575483486466370915
PrefabInstance:
  m_ObjectHideFlags: 0
  serializedVersion: 2
  m_Modification:
    serializedVersion: 3
    m_TransformParent: {fileID: 594033939606409456}
    m_Modifications:
    - target: {fileID: 5825403524320521151, guid: f1de6de9c6358254cbd94f657e6263f0, type: 3}
      propertyPath: m_LocalPosition.x
      value: 0
      objectReference: {fileID: 0}
    - target: {fileID: 5825403524320521151, guid: f1de6de9c6358254cbd94f657e6263f0, type: 3}
      propertyPath: m_LocalPosition.y
      value: 0
      objectReference: {fileID: 0}
    - target: {fileID: 5825403524320521151, guid: f1de6de9c6358254cbd94f657e6263f0, type: 3}
      propertyPath: m_LocalPosition.z
      value: 0
      objectReference: {fileID: 0}
    - target: {fileID: 5825403524320521151, guid: f1de6de9c6358254cbd94f657e6263f0, type: 3}
      propertyPath: m_LocalRotation.w
      value: 1
      objectReference: {fileID: 0}
    - target: {fileID: 5825403524320521151, guid: f1de6de9c6358254cbd94f657e6263f0, type: 3}
      propertyPath: m_LocalRotation.x
      value: -0
      objectReference: {fileID: 0}
    - target: {fileID: 5825403524320521151, guid: f1de6de9c6358254cbd94f657e6263f0, type: 3}
      propertyPath: m_LocalRotation.y
      value: -0
      objectReference: {fileID: 0}
    - target: {fileID: 5825403524320521151, guid: f1de6de9c6358254cbd94f657e6263f0, type: 3}
      propertyPath: m_LocalRotation.z
      value: -0
      objectReference: {fileID: 0}
    - target: {fileID: 5825403524320521151, guid: f1de6de9c6358254cbd94f657e6263f0, type: 3}
      propertyPath: m_LocalEulerAnglesHint.x
      value: 0
      objectReference: {fileID: 0}
    - target: {fileID: 5825403524320521151, guid: f1de6de9c6358254cbd94f657e6263f0, type: 3}
      propertyPath: m_LocalEulerAnglesHint.y
      value: 0
      objectReference: {fileID: 0}
    - target: {fileID: 5825403524320521151, guid: f1de6de9c6358254cbd94f657e6263f0, type: 3}
      propertyPath: m_LocalEulerAnglesHint.z
      value: 0
      objectReference: {fileID: 0}
    - target: {fileID: 6169847739980753537, guid: f1de6de9c6358254cbd94f657e6263f0, type: 3}
      propertyPath: m_Name
      value: Barrel (3)
      objectReference: {fileID: 0}
    m_RemovedComponents: []
    m_RemovedGameObjects: []
    m_AddedGameObjects: []
    m_AddedComponents: []
  m_SourcePrefab: {fileID: 100100000, guid: f1de6de9c6358254cbd94f657e6263f0, type: 3}
--- !u!4 &2141432025281496796 stripped
Transform:
  m_CorrespondingSourceObject: {fileID: 5825403524320521151, guid: f1de6de9c6358254cbd94f657e6263f0, type: 3}
  m_PrefabInstance: {fileID: 5575483486466370915}
  m_PrefabAsset: {fileID: 0}
--- !u!1001 &5636133169363806188
PrefabInstance:
  m_ObjectHideFlags: 0
  serializedVersion: 2
  m_Modification:
    serializedVersion: 3
    m_TransformParent: {fileID: 594033939606409456}
    m_Modifications:
    - target: {fileID: 5825403524320521151, guid: f1de6de9c6358254cbd94f657e6263f0, type: 3}
      propertyPath: m_LocalPosition.x
      value: -9.93
      objectReference: {fileID: 0}
    - target: {fileID: 5825403524320521151, guid: f1de6de9c6358254cbd94f657e6263f0, type: 3}
      propertyPath: m_LocalPosition.y
      value: 0.13000011
      objectReference: {fileID: 0}
    - target: {fileID: 5825403524320521151, guid: f1de6de9c6358254cbd94f657e6263f0, type: 3}
      propertyPath: m_LocalPosition.z
      value: 0
      objectReference: {fileID: 0}
    - target: {fileID: 5825403524320521151, guid: f1de6de9c6358254cbd94f657e6263f0, type: 3}
      propertyPath: m_LocalRotation.w
      value: 1
      objectReference: {fileID: 0}
    - target: {fileID: 5825403524320521151, guid: f1de6de9c6358254cbd94f657e6263f0, type: 3}
      propertyPath: m_LocalRotation.x
      value: -0
      objectReference: {fileID: 0}
    - target: {fileID: 5825403524320521151, guid: f1de6de9c6358254cbd94f657e6263f0, type: 3}
      propertyPath: m_LocalRotation.y
      value: -0
      objectReference: {fileID: 0}
    - target: {fileID: 5825403524320521151, guid: f1de6de9c6358254cbd94f657e6263f0, type: 3}
      propertyPath: m_LocalRotation.z
      value: -0
      objectReference: {fileID: 0}
    - target: {fileID: 5825403524320521151, guid: f1de6de9c6358254cbd94f657e6263f0, type: 3}
      propertyPath: m_LocalEulerAnglesHint.x
      value: 0
      objectReference: {fileID: 0}
    - target: {fileID: 5825403524320521151, guid: f1de6de9c6358254cbd94f657e6263f0, type: 3}
      propertyPath: m_LocalEulerAnglesHint.y
      value: 0
      objectReference: {fileID: 0}
    - target: {fileID: 5825403524320521151, guid: f1de6de9c6358254cbd94f657e6263f0, type: 3}
      propertyPath: m_LocalEulerAnglesHint.z
      value: 0
      objectReference: {fileID: 0}
    - target: {fileID: 6169847739980753537, guid: f1de6de9c6358254cbd94f657e6263f0, type: 3}
      propertyPath: m_Name
      value: Barrel (8)
      objectReference: {fileID: 0}
    m_RemovedComponents: []
    m_RemovedGameObjects: []
    m_AddedGameObjects: []
    m_AddedComponents: []
  m_SourcePrefab: {fileID: 100100000, guid: f1de6de9c6358254cbd94f657e6263f0, type: 3}
--- !u!4 &2224897949255011411 stripped
Transform:
  m_CorrespondingSourceObject: {fileID: 5825403524320521151, guid: f1de6de9c6358254cbd94f657e6263f0, type: 3}
  m_PrefabInstance: {fileID: 5636133169363806188}
  m_PrefabAsset: {fileID: 0}
--- !u!1001 &5732088681167004931
PrefabInstance:
  m_ObjectHideFlags: 0
  serializedVersion: 2
  m_Modification:
    serializedVersion: 3
    m_TransformParent: {fileID: 594033939606409456}
    m_Modifications:
    - target: {fileID: 5825403524320521151, guid: f1de6de9c6358254cbd94f657e6263f0, type: 3}
      propertyPath: m_LocalPosition.x
      value: 1.3299999
      objectReference: {fileID: 0}
    - target: {fileID: 5825403524320521151, guid: f1de6de9c6358254cbd94f657e6263f0, type: 3}
      propertyPath: m_LocalPosition.y
      value: 0
      objectReference: {fileID: 0}
    - target: {fileID: 5825403524320521151, guid: f1de6de9c6358254cbd94f657e6263f0, type: 3}
      propertyPath: m_LocalPosition.z
      value: 0
      objectReference: {fileID: 0}
    - target: {fileID: 5825403524320521151, guid: f1de6de9c6358254cbd94f657e6263f0, type: 3}
      propertyPath: m_LocalRotation.w
      value: 1
      objectReference: {fileID: 0}
    - target: {fileID: 5825403524320521151, guid: f1de6de9c6358254cbd94f657e6263f0, type: 3}
      propertyPath: m_LocalRotation.x
      value: -0
      objectReference: {fileID: 0}
    - target: {fileID: 5825403524320521151, guid: f1de6de9c6358254cbd94f657e6263f0, type: 3}
      propertyPath: m_LocalRotation.y
      value: -0
      objectReference: {fileID: 0}
    - target: {fileID: 5825403524320521151, guid: f1de6de9c6358254cbd94f657e6263f0, type: 3}
      propertyPath: m_LocalRotation.z
      value: -0
      objectReference: {fileID: 0}
    - target: {fileID: 5825403524320521151, guid: f1de6de9c6358254cbd94f657e6263f0, type: 3}
      propertyPath: m_LocalEulerAnglesHint.x
      value: 0
      objectReference: {fileID: 0}
    - target: {fileID: 5825403524320521151, guid: f1de6de9c6358254cbd94f657e6263f0, type: 3}
      propertyPath: m_LocalEulerAnglesHint.y
      value: 0
      objectReference: {fileID: 0}
    - target: {fileID: 5825403524320521151, guid: f1de6de9c6358254cbd94f657e6263f0, type: 3}
      propertyPath: m_LocalEulerAnglesHint.z
      value: 0
      objectReference: {fileID: 0}
    - target: {fileID: 6169847739980753537, guid: f1de6de9c6358254cbd94f657e6263f0, type: 3}
      propertyPath: m_Name
      value: Barrel
      objectReference: {fileID: 0}
    m_RemovedComponents: []
    m_RemovedGameObjects: []
    m_AddedGameObjects: []
    m_AddedComponents: []
  m_SourcePrefab: {fileID: 100100000, guid: f1de6de9c6358254cbd94f657e6263f0, type: 3}
--- !u!4 &2259546891036511932 stripped
Transform:
  m_CorrespondingSourceObject: {fileID: 5825403524320521151, guid: f1de6de9c6358254cbd94f657e6263f0, type: 3}
  m_PrefabInstance: {fileID: 5732088681167004931}
  m_PrefabAsset: {fileID: 0}
--- !u!1001 &6677572974946201113
PrefabInstance:
  m_ObjectHideFlags: 0
  serializedVersion: 2
  m_Modification:
    serializedVersion: 3
    m_TransformParent: {fileID: 594033939606409456}
    m_Modifications:
    - target: {fileID: 5825403524320521151, guid: f1de6de9c6358254cbd94f657e6263f0, type: 3}
      propertyPath: m_LocalPosition.x
      value: -15.41
      objectReference: {fileID: 0}
    - target: {fileID: 5825403524320521151, guid: f1de6de9c6358254cbd94f657e6263f0, type: 3}
      propertyPath: m_LocalPosition.y
      value: 0.13000011
      objectReference: {fileID: 0}
    - target: {fileID: 5825403524320521151, guid: f1de6de9c6358254cbd94f657e6263f0, type: 3}
      propertyPath: m_LocalPosition.z
      value: 0
      objectReference: {fileID: 0}
    - target: {fileID: 5825403524320521151, guid: f1de6de9c6358254cbd94f657e6263f0, type: 3}
      propertyPath: m_LocalRotation.w
      value: 1
      objectReference: {fileID: 0}
    - target: {fileID: 5825403524320521151, guid: f1de6de9c6358254cbd94f657e6263f0, type: 3}
      propertyPath: m_LocalRotation.x
      value: -0
      objectReference: {fileID: 0}
    - target: {fileID: 5825403524320521151, guid: f1de6de9c6358254cbd94f657e6263f0, type: 3}
      propertyPath: m_LocalRotation.y
      value: -0
      objectReference: {fileID: 0}
    - target: {fileID: 5825403524320521151, guid: f1de6de9c6358254cbd94f657e6263f0, type: 3}
      propertyPath: m_LocalRotation.z
      value: -0
      objectReference: {fileID: 0}
    - target: {fileID: 5825403524320521151, guid: f1de6de9c6358254cbd94f657e6263f0, type: 3}
      propertyPath: m_LocalEulerAnglesHint.x
      value: 0
      objectReference: {fileID: 0}
    - target: {fileID: 5825403524320521151, guid: f1de6de9c6358254cbd94f657e6263f0, type: 3}
      propertyPath: m_LocalEulerAnglesHint.y
      value: 0
      objectReference: {fileID: 0}
    - target: {fileID: 5825403524320521151, guid: f1de6de9c6358254cbd94f657e6263f0, type: 3}
      propertyPath: m_LocalEulerAnglesHint.z
      value: 0
      objectReference: {fileID: 0}
    - target: {fileID: 6169847739980753537, guid: f1de6de9c6358254cbd94f657e6263f0, type: 3}
      propertyPath: m_Name
      value: Barrel (12)
      objectReference: {fileID: 0}
    m_RemovedComponents: []
    m_RemovedGameObjects: []
    m_AddedGameObjects: []
    m_AddedComponents: []
  m_SourcePrefab: {fileID: 100100000, guid: f1de6de9c6358254cbd94f657e6263f0, type: 3}
--- !u!4 &899731025645815206 stripped
Transform:
  m_CorrespondingSourceObject: {fileID: 5825403524320521151, guid: f1de6de9c6358254cbd94f657e6263f0, type: 3}
  m_PrefabInstance: {fileID: 6677572974946201113}
  m_PrefabAsset: {fileID: 0}
--- !u!1001 &6900888564704402012
PrefabInstance:
  m_ObjectHideFlags: 0
  serializedVersion: 2
  m_Modification:
    serializedVersion: 3
    m_TransformParent: {fileID: 594033939606409456}
    m_Modifications:
    - target: {fileID: 5825403524320521151, guid: f1de6de9c6358254cbd94f657e6263f0, type: 3}
      propertyPath: m_LocalPosition.x
      value: -20.28
      objectReference: {fileID: 0}
    - target: {fileID: 5825403524320521151, guid: f1de6de9c6358254cbd94f657e6263f0, type: 3}
      propertyPath: m_LocalPosition.y
      value: 0.13000011
      objectReference: {fileID: 0}
    - target: {fileID: 5825403524320521151, guid: f1de6de9c6358254cbd94f657e6263f0, type: 3}
      propertyPath: m_LocalPosition.z
      value: 0
      objectReference: {fileID: 0}
    - target: {fileID: 5825403524320521151, guid: f1de6de9c6358254cbd94f657e6263f0, type: 3}
      propertyPath: m_LocalRotation.w
      value: 1
      objectReference: {fileID: 0}
    - target: {fileID: 5825403524320521151, guid: f1de6de9c6358254cbd94f657e6263f0, type: 3}
      propertyPath: m_LocalRotation.x
      value: -0
      objectReference: {fileID: 0}
    - target: {fileID: 5825403524320521151, guid: f1de6de9c6358254cbd94f657e6263f0, type: 3}
      propertyPath: m_LocalRotation.y
      value: -0
      objectReference: {fileID: 0}
    - target: {fileID: 5825403524320521151, guid: f1de6de9c6358254cbd94f657e6263f0, type: 3}
      propertyPath: m_LocalRotation.z
      value: -0
      objectReference: {fileID: 0}
    - target: {fileID: 5825403524320521151, guid: f1de6de9c6358254cbd94f657e6263f0, type: 3}
      propertyPath: m_LocalEulerAnglesHint.x
      value: 0
      objectReference: {fileID: 0}
    - target: {fileID: 5825403524320521151, guid: f1de6de9c6358254cbd94f657e6263f0, type: 3}
      propertyPath: m_LocalEulerAnglesHint.y
      value: 0
      objectReference: {fileID: 0}
    - target: {fileID: 5825403524320521151, guid: f1de6de9c6358254cbd94f657e6263f0, type: 3}
      propertyPath: m_LocalEulerAnglesHint.z
      value: 0
      objectReference: {fileID: 0}
    - target: {fileID: 6169847739980753537, guid: f1de6de9c6358254cbd94f657e6263f0, type: 3}
      propertyPath: m_Name
      value: Barrel (15)
      objectReference: {fileID: 0}
    m_RemovedComponents: []
    m_RemovedGameObjects: []
    m_AddedGameObjects: []
    m_AddedComponents: []
  m_SourcePrefab: {fileID: 100100000, guid: f1de6de9c6358254cbd94f657e6263f0, type: 3}
--- !u!4 &1086242937570603491 stripped
Transform:
  m_CorrespondingSourceObject: {fileID: 5825403524320521151, guid: f1de6de9c6358254cbd94f657e6263f0, type: 3}
  m_PrefabInstance: {fileID: 6900888564704402012}
  m_PrefabAsset: {fileID: 0}
--- !u!1001 &7164710548984337430
PrefabInstance:
  m_ObjectHideFlags: 0
  serializedVersion: 2
  m_Modification:
    serializedVersion: 3
    m_TransformParent: {fileID: 594033939606409456}
    m_Modifications:
    - target: {fileID: 5825403524320521151, guid: f1de6de9c6358254cbd94f657e6263f0, type: 3}
      propertyPath: m_LocalPosition.x
      value: -11.190001
      objectReference: {fileID: 0}
    - target: {fileID: 5825403524320521151, guid: f1de6de9c6358254cbd94f657e6263f0, type: 3}
      propertyPath: m_LocalPosition.y
      value: 0.13000011
      objectReference: {fileID: 0}
    - target: {fileID: 5825403524320521151, guid: f1de6de9c6358254cbd94f657e6263f0, type: 3}
      propertyPath: m_LocalPosition.z
      value: 0
      objectReference: {fileID: 0}
    - target: {fileID: 5825403524320521151, guid: f1de6de9c6358254cbd94f657e6263f0, type: 3}
      propertyPath: m_LocalRotation.w
      value: 1
      objectReference: {fileID: 0}
    - target: {fileID: 5825403524320521151, guid: f1de6de9c6358254cbd94f657e6263f0, type: 3}
      propertyPath: m_LocalRotation.x
      value: -0
      objectReference: {fileID: 0}
    - target: {fileID: 5825403524320521151, guid: f1de6de9c6358254cbd94f657e6263f0, type: 3}
      propertyPath: m_LocalRotation.y
      value: -0
      objectReference: {fileID: 0}
    - target: {fileID: 5825403524320521151, guid: f1de6de9c6358254cbd94f657e6263f0, type: 3}
      propertyPath: m_LocalRotation.z
      value: -0
      objectReference: {fileID: 0}
    - target: {fileID: 5825403524320521151, guid: f1de6de9c6358254cbd94f657e6263f0, type: 3}
      propertyPath: m_LocalEulerAnglesHint.x
      value: 0
      objectReference: {fileID: 0}
    - target: {fileID: 5825403524320521151, guid: f1de6de9c6358254cbd94f657e6263f0, type: 3}
      propertyPath: m_LocalEulerAnglesHint.y
      value: 0
      objectReference: {fileID: 0}
    - target: {fileID: 5825403524320521151, guid: f1de6de9c6358254cbd94f657e6263f0, type: 3}
      propertyPath: m_LocalEulerAnglesHint.z
      value: 0
      objectReference: {fileID: 0}
    - target: {fileID: 6169847739980753537, guid: f1de6de9c6358254cbd94f657e6263f0, type: 3}
      propertyPath: m_Name
      value: Barrel (9)
      objectReference: {fileID: 0}
    m_RemovedComponents: []
    m_RemovedGameObjects: []
    m_AddedGameObjects: []
    m_AddedComponents: []
  m_SourcePrefab: {fileID: 100100000, guid: f1de6de9c6358254cbd94f657e6263f0, type: 3}
--- !u!4 &3727247578104496041 stripped
Transform:
  m_CorrespondingSourceObject: {fileID: 5825403524320521151, guid: f1de6de9c6358254cbd94f657e6263f0, type: 3}
  m_PrefabInstance: {fileID: 7164710548984337430}
  m_PrefabAsset: {fileID: 0}
--- !u!1001 &8004509294191802624
PrefabInstance:
  m_ObjectHideFlags: 0
  serializedVersion: 2
  m_Modification:
    serializedVersion: 3
    m_TransformParent: {fileID: 594033939606409456}
    m_Modifications:
    - target: {fileID: 5825403524320521151, guid: f1de6de9c6358254cbd94f657e6263f0, type: 3}
      propertyPath: m_LocalPosition.x
      value: -5.67
      objectReference: {fileID: 0}
    - target: {fileID: 5825403524320521151, guid: f1de6de9c6358254cbd94f657e6263f0, type: 3}
      propertyPath: m_LocalPosition.y
      value: 0.03999996
      objectReference: {fileID: 0}
    - target: {fileID: 5825403524320521151, guid: f1de6de9c6358254cbd94f657e6263f0, type: 3}
      propertyPath: m_LocalPosition.z
      value: 0
      objectReference: {fileID: 0}
    - target: {fileID: 5825403524320521151, guid: f1de6de9c6358254cbd94f657e6263f0, type: 3}
      propertyPath: m_LocalRotation.w
      value: 1
      objectReference: {fileID: 0}
    - target: {fileID: 5825403524320521151, guid: f1de6de9c6358254cbd94f657e6263f0, type: 3}
      propertyPath: m_LocalRotation.x
      value: -0
      objectReference: {fileID: 0}
    - target: {fileID: 5825403524320521151, guid: f1de6de9c6358254cbd94f657e6263f0, type: 3}
      propertyPath: m_LocalRotation.y
      value: -0
      objectReference: {fileID: 0}
    - target: {fileID: 5825403524320521151, guid: f1de6de9c6358254cbd94f657e6263f0, type: 3}
      propertyPath: m_LocalRotation.z
      value: -0
      objectReference: {fileID: 0}
    - target: {fileID: 5825403524320521151, guid: f1de6de9c6358254cbd94f657e6263f0, type: 3}
      propertyPath: m_LocalEulerAnglesHint.x
      value: 0
      objectReference: {fileID: 0}
    - target: {fileID: 5825403524320521151, guid: f1de6de9c6358254cbd94f657e6263f0, type: 3}
      propertyPath: m_LocalEulerAnglesHint.y
      value: 0
      objectReference: {fileID: 0}
    - target: {fileID: 5825403524320521151, guid: f1de6de9c6358254cbd94f657e6263f0, type: 3}
      propertyPath: m_LocalEulerAnglesHint.z
      value: 0
      objectReference: {fileID: 0}
    - target: {fileID: 6169847739980753537, guid: f1de6de9c6358254cbd94f657e6263f0, type: 3}
      propertyPath: m_Name
      value: Barrel (5)
      objectReference: {fileID: 0}
    m_RemovedComponents: []
    m_RemovedGameObjects: []
    m_AddedGameObjects: []
    m_AddedComponents: []
  m_SourcePrefab: {fileID: 100100000, guid: f1de6de9c6358254cbd94f657e6263f0, type: 3}
--- !u!4 &4594313112038118079 stripped
Transform:
  m_CorrespondingSourceObject: {fileID: 5825403524320521151, guid: f1de6de9c6358254cbd94f657e6263f0, type: 3}
  m_PrefabInstance: {fileID: 8004509294191802624}
  m_PrefabAsset: {fileID: 0}
